 Dungeon Crawl Stone Soup version 0.13-a0-2776-g5b28ffd (webtiles) character file.

21778 4tharraofdagon the Thaumaturge (level 12, 0/81 HPs)
             Began as a Demigod Fire Elementalist on Aug 24, 2013.
             Slain by a six-headed hydra (2 damage)
             ... on Level 7 of the Lair of Beasts.
             The game lasted 01:10:09 (8054 turns).

4tharraofdagon the Thaumaturge (DgFE)               Turns: 8054, Time: 01:10:09

HP   0/81        AC  8     Str 13      XL: 12   Next: 22%
MP  25/29        EV 10     Int 26      God:
Gold 520         SH  9     Dex 19      Spells:  5 memorised, 20 levels left

Res.Fire  : . . .   See Invis. : .   f - staff of conjuration
Res.Cold  : + . .   Warding    : .   Q - +1 troll leather armour
Life Prot.: . . .   Conserve   : .   D - +1 buckler {rPois}
Res.Poison: +       Res.Corr.  : .   (helmet restricted)
Res.Elec. : .       Clarity    : .   y - +1 cloak
Sust.Abil.: . .     Spirit.Shd : .   d - +1 pair of dwarf gauntlets
Res.Mut.  : .       Stasis     : .   g - +0 pair of boots
Res.Rott. : .       Flight     : .   E - amulet of the gourmand
Gourmand  : +                        W - ring of protection from magic {unknown}
                                     A - ring of protection from cold

@: quite resistant to hostile enchantments, fairly stealthy
A: horns 1, blink 1, blurry vision 2, deformed body, deterioration 1, -10% mp,
Str +1, Int +1
a: Blink


You were on level 7 of the Lair of Beasts.
You were completely stuffed.

You visited 2 branches of the dungeon, and saw 21 of its levels.

You collected 886 gold pieces.
You spent 386 gold pieces at shops.

Inventory:

Missiles
 F - a throwing net (quivered)
Armour
 d - a +1 pair of dwarven gauntlets (worn)
 g - a +0 pair of boots (worn)
 x - a +2 visored helmet
 y - a +1 cloak (worn)
 D - a +1 buckler of poison resistance (worn)
 H - the +1 buckler "Ejabeon" {rC+}
   (You bought it in a shop on level 12 of the Dungeon)

   It protects you from cold.
 M - the +2 leather armour of the Eternal Void {rElec MR+ Dam+3}
   (You found it on level 1 of the Lair of Beasts)

   It affects your damage-dealing abilities (+3).
   It insulates you from electricity.
   It affects your resistance to hostile enchantments.
 Q - a +1 troll leather armour (worn)
Magical devices
 U - a wand of cold (5)
 X - a wand of disintegration (17)
Comestibles
 c - 7 bread rations
 j - 5 meat rations
 k - a royal jelly
 n - a slice of pizza
 G - a chunk of spiny frog flesh
 I - 2 chunks of death yak flesh
Scrolls
 b - 2 scrolls of fog
 m - 4 scrolls of blinking
 q - 3 scrolls of fear
 s - 6 scrolls of remove curse
 u - 4 scrolls of teleportation
 w - 2 scrolls of amnesia
Jewellery
 o - an uncursed amulet of stasis {unknown}
 v - an uncursed ring of teleportation
 A - a ring of protection from cold (left hand)
 E - an amulet of the gourmand (around neck)
 R - an uncursed ring of flight
 W - a ring of protection from magic (right hand) {unknown}
Potions
 h - a potion of restore abilities
 l - 2 potions of invisibility
 p - 2 potions of cure mutation {unknown}
 z - 2 potions of agility
 C - 3 potions of heal wounds
 J - a potion of speed
 N - 6 potions of curing
 O - a potion of brilliance
 Y - 3 potions of berserk rage
Books
 e - a book of Transfigurations

   Spells                             Type                      Level
   Stoneskin                          Transmutation/Earth          2
   Polymorph                          Hexes/Transmutation          4
   Ice Form                           Ice/Transmutation            4
   Statue Form                        Transmutation/Earth          6
   Dragon Form                        Transmutation                7
 r - a book of Changes

   Spells                             Type                      Level
   Beastly Appendage                  Transmutation                1
   Sticks to Snakes                   Transmutation                2
   Spider Form                        Transmutation/Poison         3
   Ice Form                           Ice/Transmutation            4
   Blade Hands                        Transmutation                5
 t - a book of Annihilations {highlevel}

   This book is beyond your current level of understanding.

   Spells                             Type                      Level
   Poison Arrow                       Conjuration/Poison           6
   Orb of Destruction                 Conjuration                  7
   Chain Lightning                    Conjuration/Air              8
   Lehudib's Crystal Spear            Conjuration/Earth            8
   Ice Storm                          Conjuration/Ice              9
   Fire Storm                         Conjuration/Fire             9
 T - a book of Flames

   Spells                             Type                      Level
   *Flame Tongue                      Conjuration/Fire             1
   Throw Flame                        Conjuration/Fire             2
   *Conjure Flame                     Conjuration/Fire             3
   Inner Flame                        Hexes/Fire                   3
   *Sticky Flame                      Conjuration/Fire             4
   *Fireball                          Conjuration/Fire             5
Magical staves
 f - an uncursed staff of conjuration (weapon)
Miscellaneous
 a - an ornate deck of war
 i - an ornate deck of changes
 B - a plain deck of war
Rods
 Z - a +0 lightning rod (13/13)
   (You found it on level 7 of the Dungeon)


   Skills:
 - Level 1.7 Dodging
 - Level 1.7 Stealth
 * Level 12.1 Spellcasting
 + Level 9.4 Conjurations
 - Level 4.3 Necromancy
 + Level 10.0 Fire Magic


You had 20 spell levels left.
You knew the following spells:

 Your Spells              Type           Power        Failure   Level  Hunger
a - Flame Tongue          Conj/Fire      #####        1%          1    None
b - Conjure Flame         Conj/Fire      #######.     1%          3    None
c - Sticky Flame          Conj/Fire      #######.     1%          4    None
d - Sublimation of Blood  Necr           #####.....   1%          2    None
e - Fireball              Conj/Fire      #######...   3%          5    ##.....


Dungeon Overview and Level Annotations

Branches:
Dungeon (13/27)            Temple (0/1) D:7             Orc (0/4) D:7
   Lair (8/8) D:9           Slime (0/6) Lair:6
  Swamp: Lair:3-6    Shoals: Lair:3-6     Snake: Lair:3-6    Spider: Lair:3-6

Shops:
D:10 *   D:12 %[

Annotations:
D:4 4tharraofdagon's ghost, weakling DgFE
Lair:6 KRAKEN DEN


Innate Abilities, Weirdness & Mutations

You have a pair of small horns on your head.
You can translocate small distances at will.
Your vision is quite blurry.
Your mind is acute (Int +1).
Armour fits poorly on your strangely shaped body.
Your body is slowly deteriorating.
Your magical capacity is low (-10% MP).
Your muscles are strong (Str +1).


Message History

Unknown command.
The six-headed hydra bites you. The six-headed hydra bites you!
The six-headed hydra bites you but does no damage.
You block the six-headed hydra's attack.
The six-headed hydra bites you!
* * * LOW HITPOINT WARNING * * *
You climb upwards.
There is a stone staircase leading down here.
Unknown command.
You see here a death yak skeleton.
You see here a death yak corpse.
Unknown command.
Read which item? (? for menu, Esc to quit)
The writing blurs in front of your eyes.
The six-headed hydra bites you!
* * * LOW HITPOINT WARNING * * *
The six-headed hydra bites you!
* * * LOW HITPOINT WARNING * * *
The six-headed hydra bites you.
You die...

......<..............#.≈
.......................≈≈
.....P..................≈≈
........................≈≈
........................≈≈
........?.#..............{#
#..)......#.#...........(.
.#.P#.......#...###........
..........@.....###.P...P..
.#..#....D#......####....^.
#. #ff..>#.......###......
#ff.....##....P....f...
##......##.ff..........
.####
###<..PP..#.f...#.......
..P....#.......P....f.
#....P..
...............P.....
.#......
..(.................#
.f...#..


You could see a six-headed hydra.

Vanquished Creatures
  A hydra (Lair:3)
  Nessos (D:12)
  Erica (D:10)
  2 death yaks (Lair:7)
  Urug (D:10)
  4 hill giants
  Joseph (D:9)
  A cyclops (D:11)
  Maurice (D:10)
  5 spiny frogs
  A black mamba (Lair:1)
  A fire drake (Lair:3)
  3 trolls
  2 komodo dragons
  4 slime creatures (D:12)
  A shadow (D:11)
  2 basilisks (Lair:3)
  2 wyverns
  15 yaks
  An elephant slug (Lair:5)
  Eustachio (D:10)
  2 hungry ghosts
  5 wolves (Lair:5)
  A manticore (D:12)
  A steam dragon (D:12)
  A hippogriff (Lair:6)
  A necrophage (D:9)
  An ice beast (D:9)
  6 porcupines
  6 ogres
  3 sky beasts
  2 phantoms (D:8)
  5 crocodiles
  2 orc warriors
  5 centaurs
  A big kobold (D:11)
  9 giant frogs
  2 giant slugs
  6 water moccasins
  Blork the orc (D:9)
  An agate snail (Lair:1)
  2 yak zombies
  A troll zombie (D:10)
  3 hippogriff zombies
  5 killer bees (D:10)
  2 electric eels
  A giant frog zombie (D:12)
  6 crimson imps
  4 goliath beetles
  3 hounds
  A black bear zombie (D:9)
  A centaur zombie (D:12)
  7 iguanas
  A two-headed ogre zombie (D:11)
  2 jellies
  8 worker ants
  A centaur skeleton (D:7)
  2 scorpions
  2 orc wizards (D:9)
  A sky beast zombie (D:7)
  A mummy (D:8)
  12 green rats
  13 adders
  2 giant centipedes
  2 giant mites
  A white imp (D:10)
  3 worms
  An iguana zombie (D:11)
  An adder skeleton (D:9)
  A giant eyeball (D:12)
  2 giant geckos
  An ooze (D:7)
  17 orcs
  14 goblins
  14 hobgoblins
  21 jackals
  5 quokkas
  A ball python (D:1)
  6 bats
  A hobgoblin zombie (D:5)
  12 kobolds
  7 rats
  2 ballistomycetes (D:6)
305 creatures vanquished.

Vanquished Creatures (others)
  A green rat (Lair:3)
  A giant gecko (Lair:6)
  A hobgoblin (D:6)
  A giant spore (D:6)
4 creatures vanquished.

Grand Total: 309 creatures vanquished

Notes
Turn   | Place    | Note
--------------------------------------------------------------
     0 | D:1      | 4tharraofdagon, the Demigod Fire Elementalist, began the quest for the Orb.
     0 | D:1      | Reached XP level 1. HP: 14/14 MP: 5/5
    25 | D:1      | Reached skill level 1 in Conjurations
   223 | D:1      | Reached XP level 2. HP: 14/20 MP: 4/6
   320 | D:2      | Reached skill level 3 in Fire Magic
   402 | D:2      | Reached XP level 3. HP: 24/26 MP: 1/9
   407 | D:2      | Learned a level 3 spell: Conjure Flame
   512 | D:2      | Found a white marble altar of Elyvilon.
  1023 | D:3      | Reached XP level 4. HP: 33/33 MP: 6/12
  1038 | D:3      | Learned a level 4 spell: Sticky Flame
  1186 | D:4      | Noticed 4tharraofdagon's ghost (weakling DgFE)
  1510 | D:4      | Found a blossoming altar of Fedhas.
  1525 | D:5      | Entered Level 5 of the Dungeon
  1735 | D:4      | Reached XP level 5. HP: 12/38 MP: 11/15
  1924 | D:5      | Learned a level 2 spell: Sublimation of Blood
  1970 | D:6      | Noticed an ogre
  1983 | D:6      | Killed an ogre
  2026 | D:6      | Reached skill level 4 in Spellcasting
  2026 | D:6      | Reached skill level 1 in Necromancy
  2026 | D:6      | Reached XP level 6. HP: 30/45 MP: 15/18
  2228 | D:7      | Found a staircase to the Orcish Mines.
  2262 | D:7      | Reached XP level 7. HP: 50/50 MP: 18/20
  2278 | D:7      | Found a staircase to the Ecumenical Temple.
  2503 | D:7      | Reached skill level 5 in Spellcasting
  2712 | D:8      | Reached skill level 5 in Fire Magic
  2719 | D:8      | Reached XP level 8. HP: 41/57 MP: 13/23
  3102 | D:9      | Reached skill level 6 in Spellcasting
  3214 | D:10     | Entered Level 10 of the Dungeon
  3214 | D:10     | Noticed Erica
  3214 | D:10     | Noticed Eustachio
  3222 | D:10     | Killed Erica
  3222 | D:10     | Reached XP level 9. HP: 56/62 MP: 9/25
  3223 | D:10     | Killed Eustachio
  3223 | D:10     | Reached skill level 7 in Spellcasting
  3223 | D:10     | Reached skill level 5 in Conjurations
  3289 | D:10     | Found Socs' Assorted Antiques.
  3332 | D:10     | Noticed Maurice
  3337 | D:10     | Bought a scroll labeled RYHIOW IXISS for 30 gold pieces
  3337 | D:10     | Bought a scroll labeled WUD LOGISUMAUCH for 30 gold pieces
  3337 | D:10     | Bought an oily black potion for 27 gold pieces
  3337 | D:10     | Bought a scroll labeled EPU PSOIPSY for 30 gold pieces
  3355 | D:10     | Killed Maurice
  3476 | D:10     | Learned a level 5 spell: Fireball
  3478 | D:10     | Gained mutation: Your mind is acute (Int +1). [mutagenic meat]
  3479 | D:10     | Gained mutation: Armour fits poorly on your strangely shaped body. [mutagenic meat]
  3553 | D:10     | Reached skill level 8 in Spellcasting
  3565 | D:10     | Noticed Urug
  3578 | D:10     | Noticed a hill giant
  3586 | D:10     | Killed a hill giant
  3586 | D:10     | Reached XP level 10. HP: 34/69 MP: 3/28
  3598 | D:10     | Killed Urug
  3607 | D:10     | Got a brightly glowing buckler
  3972 | D:11     | Identified the cursed +0 buckler of Toegaefy {rPois} (You found it on level 10 of the Dungeon)
  4012 | D:11     | Reached skill level 9 in Spellcasting
  4342 | D:10     | Noticed a hill giant
  4347 | D:10     | Killed a hill giant
  4609 | D:11     | Noticed a cyclops
  4614 | D:11     | Killed a cyclops
  4937 | D:11     | You fall through a shaft!
  4937 | D:12     | Found Miujuj's Antique Armour Emporium.
  4937 | D:12     | Noticed a hill giant
  4947 | D:12     | Killed a hill giant
  4947 | D:12     | Reached skill level 10 in Spellcasting
  4957 | D:12     | Bought a glowing buckler for 67 gold pieces
  4957 | D:12     | Bought a distressingly furry buckler for 202 gold pieces
  4970 | D:12     | Identified the +1 buckler "Ejabeon" {rC+} (You bought it in a shop on level 12 of the Dungeon)
  5005 | D:12     | Reached XP level 11. HP: 39/74 MP: 23/30
  5054 | D:12     | Noticed Nessos
  5068 | D:12     | Killed Nessos
  5303 | D:12     | Found Zuleeh's Food Boutique.
  5655 | D:12     | HP: 2/74 [large slime creature (33)]
  6125 | D:10     | Noticed a hill giant
  6131 | D:10     | Killed a hill giant
  6200 | D:9      | Noticed Blork the orc
  6231 | D:9      | Killed Blork the orc
  6243 | D:9      | Noticed Joseph
  6260 | D:9      | Killed Joseph
  6260 | D:9      | Reached skill level 11 in Spellcasting
  6592 | D:8      | Noticed a wandering mushroom
  6594 | D:8      | Noticed a wandering mushroom
  6625 | D:9      | Found a staircase to the Lair.
  6639 | Lair:1   | Entered Level 1 of the Lair of Beasts
  6800 | Lair:1   | Got a bronze leather armour
  6832 | Lair:1   | Identified the +2 leather armour of the Eternal Void {rElec MR+ Dam+3} (You found it on level 1 of the Lair of Beasts)
  7036 | Lair:3   | Noticed a seven-headed hydra
  7045 | Lair:3   | Killed a seven-headed hydra
  7471 | Lair:5   | Reached XP level 12. HP: 71/81 MP: 22/33
  7624 | Lair:6   | Found a staircase to the Slime Pits.
  7625 | Lair:6   | Found a viscous altar of Jiyva.
  7673 | Lair:6   | 4tharraofdagon: fucked tiles
  7810 | Lair:6   | Gained mutation: Your magical capacity is low (-10% MP). [potion of mutation]
  7810 | Lair:6   | Gained mutation: Your vision is a little blurry. [potion of mutation]
  7810 | Lair:6   | Gained mutation: Your vision is quite blurry. [potion of mutation]
  7811 | Lair:6   | Gained mutation: You can translocate small distances at will. [potion of mutation]
  7811 | Lair:6   | Gained mutation: You have a pair of small horns on your head. [potion of mutation]
  7812 | Lair:6   | Gained mutation: Your body is slowly deteriorating. [potion of mutation]
  7813 | Lair:6   | Gained mutation: Your muscles are strong (Str +1). [potion of beneficial mutation]
  7820 | Lair:6   | Paralysed by a potion of paralysis for 3 turns
  7965 | Lair:8   | Entered Level 8 of the Lair of Beasts
  7965 | Lair:8   | Found a snail-covered altar of Cheibriados.
  8000 | Lair:7   | Reached skill level 12 in Spellcasting
  8007 | Lair:8   | Noticed a six-headed hydra
  8034 | Lair:7   | Reached skill level 10 in Fire Magic
  8054 | Lair:7   | HP: 2/81 [six-headed hydra (7)]
  8054 | Lair:7   | Slain by a six-headed hydra

Action                   |  1- 3 |  4- 6 |  7- 9 | 10-12 || total
-------------------------+-------+-------+-------+-------++-------
Melee: Unarmed           |     2 |       |       |       ||     2
       Short sword       |     5 |       |       |       ||     5
       Dagger            |       |    94 |   100 |    11 ||   205
       Great mace        |       |       |       |   145 ||   145
       Staff             |       |       |       |    49 ||    49
 Cast: Flame Tongue      |    61 |    32 |    39 |    23 ||   155
       Conjure Flame     |       |     7 |    16 |    53 ||    76
       Sticky Flame      |       |     3 |    25 |    95 ||   123
       Sublimation of Bl |       |       |     2 |    41 ||    43
       Fireball          |       |       |       |    37 ||    37
Evoke: Rod               |       |     1 |     6 |     4 ||    11
       Wand              |       |       |     1 |    12 ||    13
  Use: Scroll            |       |     4 |    11 |    22 ||    37
       Potion            |       |       |       |    14 ||    14
 Stab: Sleeping          |       |       |       |     3 ||     3
       Paralysed         |       |       |       |     1 ||     1
